 Dungeon Crawl Stone Soup version bcrawl-1.36.5b (webtiles) character file.

Game seed: 3671002659427733836

104390 CuBeRJAN3 the Firebug (level 5, -18/28 HPs)
             Began as an Avariel Fire Elementalist on Aug 21, 2022.
             Was a Follower of Vehumet.
             Killed from afar by an orc wizard (46 damage)
             ... with an exploding inner flame
             ... hexed by INVALID YOU_FAULTLESS
             ... on level 3 of the Dungeon.
             The game lasted 00:13:03 (3724 turns).

CuBeRJAN3 the Firebug (Avariel Fire Elementalist)   Turns: 3724, Time: 00:13:04

Health: -18/28     AC:  2    Str:  6    XL:     5   Next: 33%
Magic:  5/12       EV: 13    Int: 22    God:    Vehumet [*.....]
Gold:   204        SH:  0    Dex: 13    Spells: 4/11 levels left

rFire    . . .     GDR:     25% b - +0 dagger
rCold    . . .     SeeInvis .   (no shield)
rNeg     . . .     Gourm    .   a - +0 robe
rPois    .         Faith    .   (no helmet)
rElec    .         Spirit   .   (no cloak)
rCorr    .         Reflect  .   (no gloves)
MR       .....                  (no boots)
Stlth    ++........             (no amulet)
HPRegen  0.09/turn              (no ring)
MPRegen  0.13/turn              (no ring)

@: no status effects
A: no striking features
a: Renounce Religion


You were on level 3 of the Dungeon.
You worshipped Vehumet.
Vehumet was aware of your devotion.
You were hungry.

You visited 1 branch of the dungeon, and saw 3 of its levels.

You collected 204 gold pieces.

Inventory:

Hand Weapons
 b - a +0 dagger (weapon)
 j - a +2 dagger of draining
Missiles
 d - 887 stones (quivered)
Armour
 a - a +0 robe (worn)
 i - a +0 hat
Wands
 c - a wand of flame (4)
Scrolls
 g - 2 scrolls of remove curse
 k - 2 scrolls of immolation {unknown}
 m - a scroll of magic mapping {unknown}
 n - a scroll of teleportation {unknown}
 o - a scroll of amnesia {unknown}
Potions
 f - 2 potions of curing
 h - a potion of haste {unknown}
 l - a potion of brilliance {unknown}
 p - a potion of mutation {unknown}
 q - a potion of heal wounds {unknown}
Comestibles
 e - 5 rations {!d}


   Skills:
 + Level 3.7 Dodging
 + Level 3.1 Stealth
 + Level 3.6 Spellcasting
 + Level 3.0 Conjurations
 + Level 4.0 Fire Magic


You had 4 spell levels left.
You knew the following spells:

 Your Spells              Type           Power        Failure   Level  Hunger
a - Flame Tongue          Conj/Fire      ###..        1%          1    None
b - Flaming Arrows        Chrm/Fire      ##......     8%          2    None
c - Inner Flame           Hex/Fire       N/A          4%          3    ####...
d - Sandblast             Erth           #.....       3%          1    None

Your spell library contained the following spells:

 Spells                   Type           Power        Failure   Level  Hunger
 Conjure Flame            Conj/Fire      ###.....     2%          3    ####...
 Sticky Flame             Conj/Fire      ###.....     7%          4    #####..
 Fireball                 Conj/Fire      ###.......   19%         5    ######.


Dungeon Overview and Level Annotations

Branches:
Dungeon (3/12)

Altars:
Dithmenos
Fedhas
Kikubaaqudgha
Vehumet

Annotations:
D:3 2 transporters


Message History

The orc wizard is moderately wounded.
The orc wizard hits you but does no damage.
Casting: Flame Tongue (safe; 1% risk of failure)
Confirm with . or Enter, or press ? or * to list all spells.
Aiming: Flame Tongue (safe; 1% risk of failure)
Press: ? - help, Shift-Dir - straight line, f/p - orc wizard
Aim: an orc wizard, wielding a +0 dagger and wearing a +0 robe (moderately wounded, fast, inner flame)
The flame tongue hits the orc wizard!
The orc wizard is severely wounded.
The orc wizard misses you. The orc wizard closely misses you.
Casting: Flame Tongue (safe; 1% risk of failure)
Confirm with . or Enter, or press ? or * to list all spells.
Aiming: Flame Tongue (safe; 1% risk of failure)
Press: ? - help, Shift-Dir - straight line, f/p - orc wizard
Aim: an orc wizard, wielding a +0 dagger and wearing a +0 robe (severely wounded, fast, inner flame)
The flame tongue hits the orc wizard!
The orc wizard explodes!
The fiery explosion engulfs you!!!
Ouch! That really hurt!
You die...

#........ #........ ##
#........ .## #........
..# ##........ #.##
#######.§§§.....
#..######.[.............
........'.......@§......
##.######.......########
#..# #.......# ##.##
##.####.# #..# #.# #.#
####.## #.# #.# ......#
#.####'## #####.#
#.......################
# #.#
#.......................


There were no monsters in sight!

Vanquished Creatures
  Terence (D:3)
  An adder (D:3)
  An ooze (D:2)
  5 worms (D:2)
  3 dart slugs
  6 leopard geckos
  10 orcs
  7 bats
  2 giant cockroaches
  6 goblins
  6 hobgoblins
  3 jackals
  12 kobolds
  2 quokkas (D:2)
  A ball python (D:2)
  9 rats
75 creatures vanquished.

Vanquished Creatures (others)
  6 plants (D:3)
6 creatures vanquished.

Grand Total: 81 creatures vanquished

Notes
Turn   | Place    | Note
-------+----------+-------------------------------------------
     0 | D:1      | CuBeRJAN3 the Avariel Fire Elementalist began the quest for
                  | the Orb.
     0 | D:1      | Reached XP level 1. HP: 10/10 MP: 6/6
   238 | D:1      | Reached XP level 2. HP: 15/15 MP: 4/7
   917 | D:2      | Learned a level 2 spell: Flaming Arrows
   939 | D:2      | Reached XP level 3. HP: 19/19 MP: 5/9
  1046 | D:2      | Found a shadowy altar of Dithmenos.
  1046 | D:2      | Found a radiant altar of Vehumet.
  1053 | D:2      | Became a worshipper of Vehumet
  1279 | D:2      | Got a smoking crystal amulet
  1484 | D:2      | Reached XP level 4. HP: 24/24 MP: 6/10
  1685 | D:2      | Found a faded altar of an unknown god.
  1817 | D:2      | Found an ancient bone altar of Kikubaaqudgha.
  2078 | D:2      | Found a blossoming altar of Fedhas.
  2431 | D:2      | Identified the cursed amulet of Ulo Mei {Inacc *Drain
                  | Str+3} (You found it on level 2 of the Dungeon)
  2687 | D:3      | Reached * piety under Vehumet
  2687 | D:3      | Offered knowledge of Sandblast by Vehumet.
  2695 | D:3      | Learned a level 3 spell: Inner Flame
  2697 | D:3      | Learned a level 1 spell: Sandblast
  2758 | D:3      | Found a transporter.
  2932 | D:3      | Found a transporter.
  3107 | D:3      | Reached XP level 5. HP: 28/28 MP: 9/12
  3157 | D:3      | Noticed Terence
  3287 | D:3      | Killed Terence
  3288 | D:3      | Reached skill level 4 in Fire Magic
  3724 | D:3      | Killed from afar by an orc wizard

Skill      XL: |  1  2  3  4  5 |
---------------+----------------+-----
Spellcasting   | 3 |  3.6
Conjurations   | 2 3 |  3.0
Dodging        | 3 |  3.7
Stealth        | 3 |  3.1
Fire Magic     | 4 |  4.0

Action                   |  1- 3 |  4- 6 || total
-------------------------+-------+-------++-------
Melee: Dagger            |       |     1 ||     1
 Cast: Flame Tongue      |    70 |    84 ||   154
       Flaming Arrows    |     1 |       ||     1
       Sandblast         |       |     4 ||     4
       Inner Flame       |       |     2 ||     2
  Use: Scroll            |     2 |     1 ||     3
  Eat: Chunk             |     3 |     7 ||    10
Armor: Robe              |     3 |    11 ||    14
Dodge: Dodged            |    13 |    36 ||    49
